 Dungeon Crawl Stone Soup version 0.17-a0-2101-g0c122e7 (webtiles) character file.

71 Gruud the Insei (level 4, 0/32 HPs)
             Began as a Demonspawn Transmuter on Oct 18, 2015.
             Slain by a gnoll
             ... wielding a +2 flail of draining
              (1 damage)
             ... on level 3 of the Dungeon.
             The game lasted 00:05:17 (1615 turns).

Gruud the Insei (Demonspawn Transmuter)             Turns: 1615, Time: 00:05:17

Health: 0/32       AC:  4    Str: 11    XL:     4   Next: 5%
Magic:  2/7        EV: 12    Int: 14    God:
Gold:   152        SH:  0    Dex: 14    Spells: 3 memorised, 1 level left

rFire  . . .     SeeInvis .       - Unarmed
rCold  + . .     Clarity  .     b - +0 robe
rNeg   . . .     SustAt   .     (no shield)
rPois  .         Gourm    .     k - +0 helmet
rElec  .         Spirit   .     (no cloak)
rCorr  .         Warding  .     (no gloves)
rMut   .         Stasis   .     (boots currently unavailable)
MR     .....                    (no amulet)
Stlth  +.........               n - +1 ring of protection (curse)
                                e - ring of protection from cold

@: appendage, drained, not resistant to hostile enchantments, very unstealthy
A: talons 3, powered by death 1
a: End Transformation


You were on level 3 of the Dungeon.
You were not hungry.
You had grown temporary talons.
You visited 1 branch of the dungeon, and saw 3 of its levels.

You collected 152 gold pieces.

Inventory:

Missiles
 a - 44 arrows
 l - 2 javelins (quivered)
Armour
 b - a +0 robe (worn)
 k - a +0 helmet (worn)
Jewellery
 e - a ring of protection from cold (left hand)
 n - a cursed +1 ring of protection (right hand)
Scrolls
 m - a scroll of enchant armour {unknown}
 o - 2 scrolls of fear {unknown}
 p - a scroll of blinking {unknown}
 q - a scroll of remove curse {unknown}
Potions
 g - a potion of brilliance {unknown}
 j - a potion of heal wounds {unknown}
Books
 c - a book of Changes

   Spells                             Type                      Level
   a - Beastly Appendage              Transmutation                1
   b - Sticks to Snakes               Transmutation                2
   c - Spider Form                    Transmutation/Poison         3
   d - Ice Form                       Ice/Transmutation            4
   e - Blade Hands                    Transmutation                5
Comestibles
 d - 3 bread rations
 f - 7 chunks of flesh
 h - 2 meat rations
 i - 2 slices of pizza


   Skills:
 + Level 1.3(0.6) Fighting
 + Level 2.1(1.4) Dodging
 * Level 3.5(2.8) Unarmed Combat
 - Level 2.0(1.3) Spellcasting
 + Level 2.8(2.1) Transmutations


You had one spell level left.
You knew the following spells:

 Your Spells              Type           Power        Failure   Level  Hunger
a - Beastly Appendage     Trmt           #.....       14%         1    ##.....
b - Sticks to Snakes      Trmt           #.........   21%         2    ###....
c - Spider Form           Trmt/Pois      #.........   61%         3    ####...


Dungeon Overview and Level Annotations

Branches:
Dungeon (3/15)

Altars:
Gozag
Ru


Innate Abilities, Weirdness & Mutations

You regenerate a little health from kills.
You have claws for feet.


Message History

Your ball python closely misses the gnoll.
Your ball python grabs the gnoll.
Your ball python constricts the gnoll.
You hit the gnoll but do no damage. You claw the gnoll, but do no damage.
The gnoll is lightly wounded.
Your ball python bites the gnoll but does no damage.
Your ball python constricts the gnoll.
The gnoll misses you.
The gnoll hits you from afar with a spear.
You hit the gnoll.
The gnoll is moderately wounded.
Your ball python bites the gnoll.
Your ball python constricts the gnoll.
The gnoll closely misses you.
You hit the gnoll.
The gnoll is moderately wounded.
The gnoll closely misses you.
Your ball python bites the gnoll but does no damage.
Your ball python constricts the gnoll.
The gnoll hits you with a flail of draining!
* * * LOW HITPOINT WARNING * * *
You feel drained.
You die...

...........# #.. ##.....#.######
. #####........# #..# ##.......#
#..# ##...(..# #..# #...####
#..# ##.### #..# ######....#
#####..# #@gggg..#.#
....#..##### #S#####...####
###....)...#####.#..........#
###..###....##.#..........###.
##.##.......................
######.##.########..........####
...#......# #..........#
._...#.#### #####..#####
...###.# ####


You could see 4 gnolls and a friendly ball python.

Vanquished Creatures
  2 gnolls
  2 giant geckos
  4 orcs (D:3)
  2 ball pythons
  4 bats
  5 giant cockroaches
  7 goblins (D:1)
  2 hobgoblins (D:1)
  3 jackals (D:1)
  7 giant newts
  2 kobolds
  2 rats
  2 fungi (D:1)
44 creatures vanquished.

Vanquished Creatures (collateral kills)
  A worm (D:2)
  A hobgoblin (D:2)
2 creatures vanquished.

Grand Total: 46 creatures vanquished

Notes
Turn   | Place    | Note
--------------------------------------------------------------
     0 | D:1      | Gruud the Demonspawn Transmuter began the quest for the Orb.
     0 | D:1      | Reached XP level 1. HP: 15/15 MP: 3/3
   377 | D:1      | Gained mutation: You regenerate a little health from kills. [demonic ancestry]
   377 | D:1      | Reached XP level 2. HP: 16/21 MP: 3/5
   380 | D:1      | Reached skill level 3 in Unarmed Combat
   387 | D:1      | Learned a level 2 spell: Sticks to Snakes
  1186 | D:2      | Reached XP level 3. HP: 26/26 MP: 4/6
  1199 | D:2      | Learned a level 3 spell: Spider Form
  1225 | D:2      | Found a sacrificial altar of Ru.
  1476 | D:3      | Reached XP level 4. HP: 30/32 MP: 7/7
  1508 | D:3      | Found an opulent altar of Gozag.
  1615 | D:3      | HP: 1/32 [gnoll/flail of draining (12)]
  1615 | D:3      | Slain by a gnoll

Vault maps used:
D:1:      dpeg_arrival_tiny_a, minmay_gold_behind_fungi
D:2:      nicolae_overflow_crystal_walls
D:3:      nicolae_gozag_seed_capital, first_bread, nemelex_spade_bored_becter

Action                   |  1- 3 |  4- 6 || total
-------------------------+-------+-------++-------
Melee: Unarmed           |   196 |    12 ||   208
 Cast: Beastly Appendage |     7 |     1 ||     8
       Sticks to Snakes  |     4 |     2 ||     6
 Stab: Sleeping          |     2 |       ||     2
  Eat: Chunk             |     2 |     1 ||     3
